 Dungeon Crawl Stone Soup version 0.32-a0-593-g85ff8e36a1 (webtiles) character file.

Game seed: 5131787248490182025

56981 jasper the Severer (level 14, 0/135 HPs)
             Began as a Mountain Dwarf Berserker on Mar 2, 2024.
             Was a High Priest of Trog.
             Slain by an 18-headed hydra (1 damage)
             ... on level 4 of the Lair of Beasts.
             The game lasted 00:59:46 (24457 turns).

jasper the Severer (Mountain Dwarf Berserker)      Turns: 24457, Time: 00:59:46

Health: 0/135      AC: 29    Str: 28    XL:     14   Next: 44%
Magic:  0/14       EV:  7    Int:  8    God:    Trog [*****.]
Gold:   198        SH: 13    Dex:  9    Spells: 13/13 levels left

rFire   + + .        r - +0 broad axe
rCold   + + .        G - +2 shield of Resistance {rF++ rC++ Will++}
rNeg    . . .        E - +0 plate armour
rPois   .            b - +2 helmet
rElec   .            c - +0 cloak
rCorr   .            I - +2 pair of gloves {Str+3}
SInv    .            w - +0 pair of boots
Will    ++++.        M - amulet of guardian spirit Stlth
                     m - +4 ring of protection
HPRegen 0.42/turn    C - ring of willpower
MPRegen 0.14/turn

%: guardian spirit
@: marked, studying Necromancy
A: runic magic, artefact enchanting
a: Renounce Religion, Berserk, Trog's Hand, Brothers in Arms


You were on level 4 of the Lair of Beasts.
You worshipped Trog.
Trog was extremely pleased with you.
You visited 3 branches of the dungeon, and saw 17 of its levels.
You also visited: Bailey and Ice Cave.

You collected 2262 gold pieces.
You spent 2064 gold pieces at shops.

Inventory:

Hand Weapons
 a - a +2 antimagic whip
 n - a +0 broad axe
 r - a +0 broad axe (weapon)
 U - a +1 hand axe of flaming
 W - a +0 broad axe
Missiles
 l - 7 atropa-tipped darts
 p - 3 javelins
 u - a throwing net
 B - 19 boomerangs (quivered)
 O - 42 poisoned darts
 V - a curare-tipped dart
Armour
 b - a +2 helmet (worn)
 c - a +0 cloak (worn)
 w - a +0 pair of boots (worn)
 E - a +0 plate armour (worn)
 G - the +2 shield of Resistance (worn) {rF++ rC++ Will++}
   (You acquired it in a bailey)

   rF++:      It greatly protects you from fire.
   rC++:      It greatly protects you from cold.
   Will++:    It greatly increases your willpower.
 I - a +2 pair of gloves of strength (worn)
Jewellery
 g - a ring of willpower
 m - a +4 ring of protection (left hand)
 y - a ring of protection from cold
 C - a ring of willpower (right hand)
 M - an amulet of guardian spirit (around neck)
Wands
 q - a wand of digging (9)
 s - a wand of flame (39)
 L - a wand of paralysis (14)
 Q - a wand of light (5)
 R - a wand of polymorph (2)
 X - a wand of iceblast (6)
Scrolls
 i - a scroll of enchant weapon
 j - 3 scrolls of fog
 t - 2 scrolls of revelation
 v - a scroll of blinking
 D - 7 scrolls of teleportation
 F - 3 scrolls of poison
 J - 5 scrolls of vulnerability
 K - 2 scrolls of fear
 S - 4 scrolls of immolation
 Y - a scroll of butterflies
Potions
 d - 2 potions of heal wounds
 f - 3 potions of might
 k - 12 potions of curing
 x - 2 potions of resistance
 z - 3 potions of haste
 H - a potion of cancellation
 N - a potion of lignification
 P - 2 potions of ambrosia {unknown}
 T - a potion of enlightenment {unknown}
 Z - a potion of berserk rage {unknown}


   Skills:
 - Level 15.0 Fighting
 - Level 18.0 Axes
 - Level 12.0 Armour
 - Level 1.3 Dodging
 + Level 12.3 Shields
 - Level 5.0 Evocations


You had 13 spell levels left.
You didn't know any spells.
Your spell library was empty.

Dungeon Overview and Level Annotations

Branches:
Dungeon (11/15)            Temple (0/1) D:4            Lair (4/5) D:8
  Swamp (0/4) Lair:2        Snake (0/4) Lair:3          Orc (2/2) D:10
    Elf (0/3) Orc:2        Bailey (visited)           IceCv (visited)
  Slime: Lair:4-5

Altars:
Ashenzari
Cheibriados
Fedhas
Hepliaklqana
Kikubaaqudgha
Makhleb
Nemelex Xobeh
Okawaru
Ru
Trog
Uskayaw
Wu Jian
Xom
Zin
The Shining One
Beogh

Shops:
D:4 [?*(   D:11 [   Orc:1 ?:   Orc:2 [?=!

Annotations:
D:11 Amaemon


Innate Abilities, Weirdness & Mutations

Your spellcasting is much less encumbered by armour.
You can use scrolls of enchantment on lesser artefacts.


Message History

The 16-headed hydra bites you.
* * * LOW HITPOINT WARNING * * *
You block the 16-headed hydra's attack.
The 16-headed hydra bites you but does no damage.
You block the 16-headed hydra's attack. The 16-headed hydra bites you.
* * * LOW HITPOINT WARNING * * *
The 16-headed hydra bites you but does no damage.
The 16-headed hydra closely misses you. The 16-headed hydra bites you.
* * * LOW HITPOINT WARNING * * *
You lop one of the 16-headed hydra's heads off!
The 15-headed hydra grows two more!
You slash the 17-headed hydra!
The 17-headed hydra is heavily wounded.
You block the 17-headed hydra's attack. The 17-headed hydra barely misses you.
The 17-headed hydra bites you.
* * * LOW HITPOINT WARNING * * *
The 17-headed hydra bites you but does no damage.
You block the 17-headed hydra's attack. x2
The 17-headed hydra bites you but does no damage. x4
The 17-headed hydra bites you.
* * * LOW HITPOINT WARNING * * *
The 17-headed hydra bites you but does no damage. x2
The 17-headed hydra bites you!
* * * LOW HITPOINT WARNING * * *
The 17-headed hydra barely misses you. The 17-headed hydra bites you!
* * * LOW HITPOINT WARNING * * *
The 17-headed hydra bites you but does no damage.
You chop one of the 17-headed hydra's heads off!
The 16-headed hydra grows two more!
You slice the 18-headed hydra!!
The 18-headed hydra is heavily wounded.
You barely miss the 18-headed hydra.
The 18-headed hydra is heavily wounded.
The 18-headed hydra bites you but does no damage.
You block the 18-headed hydra's attack. x2; The 18-headed hydra bites you.
* * * LOW HITPOINT WARNING * * *
The 18-headed hydra bites you but does no damage.
You block the 18-headed hydra's attack.
The 18-headed hydra bites you but does no damage. x3
The 18-headed hydra completely misses you.
The 18-headed hydra barely misses you. The 18-headed hydra bites you.
You die...

...#♣♣♣.........♣♣♣#
...#...............#
...#♣♣♣.........♣♣♣#
[..# ♣♣♣♣♣.♣♣♣♣♣ ...#
#####♣.♣##### ...#
♣...♣...♣...♣
...#♣♣.♣.♣.♣.♣.♣.♣
...#.♣.♣.♣.♣.♣.♣.♣
=..#.♣.♣.♣.♣.♣.♣@♣
...#...♣.......♣.DS#
..########♣.♣#######
.###...............#
.P##.♣♣♣♣♣...♣♣♣♣♣.#
..##.♣ ♣.♣.♣ ♣.#
.###.♣♣♣♣♣...♣♣♣♣♣.#
.###...............#
.#.########÷#########


You could see a 18-headed hydra and a black mamba.

Vanquished Creatures
  3 hydras
  2 two-headed ogres
  5 orc high priests
  6 death yaks
  2 spriggan druids (Lair:2)
  9 orc knights
  A necromancer (IceCv)
  Pikel (D:4)
  2 ugly things (IceCv)
  4 orc sorcerers
  Maurice (D:11)
  An elephant (Lair:4)
  5 kobold blastminers
  A torpor snail (Lair:3)
  8 black mambas
  An ice statue (IceCv)
  7 cane toads
  An unseen horror (D:10)
  5 komodo dragons
  3 rime drakes
  4 freezing wraiths (IceCv)
  11 ice devils (IceCv)
  Psyche (D:9)
  3 anaconda simulacra (IceCv)
  3 hornets
  3 trolls
  3 polar bears
  Grinder (D:5)
  4 dream sheep (Lair:4)
  6 blink frogs
  Sigmund (D:3)
  A shadow (D:10)
  2 vampires (D:10)
  42 yaks
  14 wyverns
  A basilisk (Lair:4)
  Eustachio (D:5)
  2 steam dragons (D:9)
  A vampire mosquito (D:10)
  3 death yak simulacra (IceCv)
  2 wargs
  Menkaure (D:7)
  2 harpy simulacra (IceCv)
  17 water moccasins
  Duvessa (D:4)
  An acid dragon (D:9)
  A hydra simulacrum (IceCv)
  4 black bears
  25 orc warriors
  3 sky beasts
  3 ogres
  3 centaurs
  3 wolves (D:8)
  A lemure (D:4)
  6 kobold brigands
  Blork the orc (D:4)
  15 bullfrogs
  2 two-headed ogre simulacra (IceCv)
  3 cane toad simulacra (IceCv)
  3 scorpions
  Dowan (D:4)
  4 elephant simulacra (IceCv)
  3 killer bees (D:9)
  A bombardier beetle (D:4)
  3 howler monkeys (D:8)
  3 electric eels (Bailey)
  2 vampire bats (Orc:2)
  4 hounds
  13 orc priests
  A gnoll bouda (D:7)
  Ijyb (D:4)
  28 orc wizards
  2 sleepcaps
  Natasha (twice) (D:2)
  A hell rat (Lair:2)
  A spriggan simulacrum (IceCv)
  5 polar bear simulacra (IceCv)
  4 wolf simulacra (IceCv)
  Robin (D:4)
  8 gnolls
  3 adders
  A shadow imp (D:7)
  5 white imps
  4 ufetubi
  7 dart slugs
  A ribbon worm (D:2)
  47 orcs
  9 bats
  3 endoplasms
  3 giant cockroaches
  13 goblins
  18 hobgoblins
  7 jackals (D:2)
  32 kobolds
  3 quokkas
  4 ball pythons
  3 frilled lizards (D:2)
  6 rats
  A spectral hobgoblin (D:5)
530 creatures vanquished.

Vanquished Creatures (collateral kills)
  A skyshark (Lair:2)
1 creature vanquished.

Vanquished Creatures (others)
  An orc priest (Orc:2)
  An orc wizard (Orc:2)
2 creatures vanquished.

Grand Total: 533 creatures vanquished

Notes
Turn   | Place    | Note
-------+----------+-------------------------------------------
     0 | D:1      | jasper the Mountain Dwarf Berserker began the quest for the
                  | Orb.
     0 | D:1      | Reached XP level 1. HP: 19/19 MP: 1/1
   294 | D:1      | Reached skill level 4 in Axes
   373 | D:1      | Reached XP level 2. HP: 22/26 MP: 2/2
   987 | D:1      | Reached skill level 5 in Axes
  1201 | D:2      | Reached XP level 3. HP: 25/31 MP: 3/3
  1568 | D:2      | Reached ** piety under Trog
  1750 | D:2      | Noticed Natasha
  1768 | D:2      | Killed Natasha
  1769 | D:2      | Reached skill level 6 in Axes
  1769 | D:2      | Reached XP level 4. HP: 38/38 MP: 4/4
  1824 | D:2      | Noticed Natasha
  1829 | D:2      | Killed Natasha
  2380 | D:3      | Found a sparkling altar of Nemelex Xobeh.
  2392 | D:3      | Noticed Sigmund
  2400 | D:3      | Killed Sigmund
  2401 | D:3      | Reached skill level 8 in Axes
  2401 | D:3      | Reached XP level 5. HP: 45/45 MP: 5/5
  2401 | D:3      | Reached XP level 6. HP: 51/51 MP: 6/6
  3177 | D:3      | Found a sacrificial altar of Ru.
  3325 | D:4      | Found Sucurei's Antique Armour Shop.
  3325 | D:4      | Found Gawkaa's Magic Scroll Shop.
  3325 | D:4      | Found Hiys's Assorted Antiques.
  3327 | D:4      | Bought a cloak for 135 gold pieces
  3602 | D:4      | Noticed Pikel
  3630 | D:4      | Killed Pikel
  3631 | D:4      | Reached skill level 10 in Axes
  3631 | D:4      | Reached XP level 7. HP: 57/57 MP: 7/7
  3724 | D:4      | Found a broken altar of Ashenzari.
  3852 | D:4      | Noticed Duvessa
  3887 | D:4      | Killed Duvessa
  3894 | D:4      | Noticed Dowan
  3916 | D:4      | Killed Dowan
  3917 | D:4      | Reached skill level 11 in Axes
  3973 | D:4      | Noticed Robin
  3975 | D:4      | Killed Robin
  3977 | D:4      | Noticed Ijyb
  3994 | D:4      | Killed Ijyb
  4138 | D:4      | Found Ytwajonk's Weapon Boutique.
  4150 | D:4      | Reached XP level 8. HP: 54/61 MP: 8/8
  4156 | D:4      | Bought a throwing net for 36 gold pieces
  4232 | D:4      | Found a staircase to the Ecumenical Temple.
  4400 | D:4      | Noticed Blork the orc
  4406 | D:4      | Killed Blork the orc
  4596 | D:5      | Entered Level 5 of the Dungeon
  4672 | D:5      | Found an iron altar of Okawaru.
  4953 | D:5      | Found a shimmering altar of Xom.
  5530 | D:6      | Reached skill level 12 in Axes
  5590 | D:6      | Reached skill level 5 in Fighting
  6020 | D:7      | Found a flagged portal.
  6155 | Bailey   | Entered a bailey
  6749 | Bailey   | Noticed an orc knight
  6773 | Bailey   | Killed an orc knight
  6774 | Bailey   | Reached skill level 5 in Armour
  6774 | Bailey   | Reached XP level 9. HP: 75/75 MP: 9/9
  6846 | Bailey   | Noticed an orc knight
  6879 | Bailey   | Killed an orc knight
  6880 | Bailey   | Reached skill level 13 in Axes
  7109 | Bailey   | Noticed an orc knight
  7135 | Bailey   | Killed an orc knight
  7136 | Bailey   | Reached skill level 14 in Axes
  7226 | Bailey   | Noticed an orc high priest
  7390 | Bailey   | Noticed an orc sorcerer
  7403 | Bailey   | Killed an orc sorcerer
  7404 | Bailey   | Reached XP level 10. HP: 69/86 MP: 10/10
  7419 | Bailey   | Noticed an orc knight
  7437 | Bailey   | Killed an orc knight
  7669 | Bailey   | Acquired the +2 shield of Resistance {rF++ rC++ Will++}
  7669 | Bailey   | Found the +2 shield of Resistance {rF++ rC++ Will++}
  7968 | Bailey   | Found an iron altar of Okawaru.
  7984 | Bailey   | Reached skill level 1 in Shields
  8028 | Bailey   | Noticed an orc knight
  8044 | Bailey   | Killed an orc knight
  8091 | Bailey   | Acquired 828 gold pieces
  8181 | Bailey   | Killed an orc high priest
  8182 | Bailey   | Reached skill level 15 in Axes
  8296 | D:7      | Found a burning altar of Makhleb.
  8444 | D:7      | Noticed Menkaure
  8454 | D:7      | Killed Menkaure
  8526 | D:7      | Found an ancient bone altar of Kikubaaqudgha.
  8529 | D:7      | Found a blossoming altar of Fedhas.
  9236 | D:8      | Found an ornate altar of the Wu Jian Council.
  9320 | D:8      | Noticed a two-headed ogre
  9333 | D:8      | Killed a two-headed ogre
  9334 | D:8      | Reached XP level 11. HP: 97/97 MP: 8/11
  9427 | D:8      | Reached skill level 16 in Axes
  9444 | D:8      | Reached *** piety under Trog
  9553 | D:5      | Noticed Eustachio
  9560 | D:5      | Killed Eustachio
  9572 | D:5      | Noticed Grinder
  9582 | D:5      | Killed Grinder
  9611 | D:5      | Found a snail-covered altar of Cheibriados.
  9902 | D:5      | Found a hazy altar of Hepliaklqana.
 10132 | D:8      | Found a staircase to the Lair.
 10805 | D:9      | Noticed Psyche
 10815 | D:9      | Killed Psyche
 10816 | D:9      | Reached skill level 5 in Shields
 11198 | D:9      | Reached skill level 17 in Axes
 11198 | D:9      | Found a glowing silver altar of Zin.
 11736 | D:9      | Reached **** piety under Trog
 11995 | D:9      | Found a hide-covered altar of Uskayaw.
 12176 | D:10     | Entered Level 10 of the Dungeon
 12302 | D:10     | Found a staircase to the Orcish Mines.
 12577 | D:10     | Found a roughly hewn altar of Beogh.
 12668 | D:10     | Paralysed by a hornet for 3 turns
 12756 | D:10     | Reached skill level 18 in Axes
 12756 | D:10     | Reached skill level 1 in Evocations
 13124 | D:10     | Noticed a two-headed ogre
 13128 | D:10     | Found a bloodstained altar of Trog.
 13132 | D:10     | Killed a two-headed ogre
 13133 | D:10     | Reached skill level 5 in Evocations
 13256 | D:10     | Found a glowing golden altar of the Shining One.
 13308 | D:11     | Found Usmeqaec's Antique Armour Shop.
 13309 | D:11     | Noticed Amaemon
 13453 | D:11     | Noticed Maurice
 13494 | D:11     | Killed Maurice
 13579 | D:11     | Bought a pair of masterwork gloves for 285 gold pieces
 13579 | D:11     | Identified the -1 pair of gloves of Digig {+Blink rC+ rN+
                  | Str-5} (You bought it in a shop on level 11 of the Dungeon)
 13586 | D:11     | Noticed a boulder beetle
 13744 | D:4      | Bought a brightly glowing chain mail for 285 gold pieces
 13744 | D:4      | Identified the +1 chain mail of the Louse {-Cast rElec rF-
                  | Str+6} (You bought it in a shop on level 4 of the Dungeon)
 13790 | D:4      | Bought a scroll of poison for 52 gold pieces
 13790 | D:4      | Bought a scroll of vulnerability for 52 gold pieces
 13790 | D:4      | Bought a scroll of revelation for 97 gold pieces
 13790 | D:4      | Bought a scroll of enchant armour for 97 gold pieces
 13790 | D:4      | Bought a scroll of immolation for 52 gold pieces
 13790 | D:4      | Bought a scroll of butterflies for 52 gold pieces
 13790 | D:4      | Bought a scroll of immolation for 52 gold pieces
 13910 | Orc:1    | Entered Level 1 of the Orcish Mines
 13992 | Orc:2    | Entered Level 2 of the Orcish Mines
 14013 | Orc:1    | Reached XP level 12. HP: 82/105 MP: 9/12
 14123 | Orc:2    | Reached ***** piety under Trog
 14442 | Orc:1    | Noticed an orc high priest
 14688 | Orc:2    | Killed an orc high priest
 14925 | Orc:1    | Found Ekef's Book Shoppe.
 15152 | Orc:1    | Found Gitiah's Magic Scroll Boutique.
 15159 | Orc:1    | Bought a scroll of fear for 60 gold pieces
 15159 | Orc:1    | Bought a scroll of teleportation for 45 gold pieces
 15159 | Orc:1    | Bought a scroll of teleportation for 45 gold pieces
 15159 | Orc:1    | Bought a scroll of vulnerability for 60 gold pieces
 15159 | Orc:1    | Bought a scroll of vulnerability for 60 gold pieces
 15159 | Orc:1    | Bought a scroll of teleportation for 45 gold pieces
 15159 | Orc:1    | Bought a scroll of immolation for 60 gold pieces
 15159 | Orc:1    | Bought a scroll of immolation for 60 gold pieces
 15232 | Orc:2    | Reached skill level 10 in Fighting
 15790 | Orc:2    | Found a staircase to the Elven Halls.
 16113 | Orc:2    | Noticed an orc high priest
 16116 | Orc:2    | Found Qigi's Antique Armour Boutique.
 16120 | Orc:2    | Noticed an orc high priest
 16125 | Orc:2    | Killed an orc high priest
 16314 | Orc:2    | Killed an orc high priest
 16491 | Orc:2    | Noticed an orc high priest
 16504 | Orc:2    | Killed an orc high priest
 16532 | Orc:2    | Found Cuavvo Neca's Magic Scroll Boutique.
 16533 | Orc:2    | Found Gihis Ulen's Distillery.
 16533 | Orc:2    | Found Zech's Jewellery Shoppe.
 16610 | Orc:2    | Bought a potion of curing for 42 gold pieces
 16610 | Orc:2    | Bought 2 potions of curing for 84 gold pieces
 16610 | Orc:2    | Bought a potion of heal wounds for 70 gold pieces
 16610 | Orc:2    | Bought a potion of heal wounds for 70 gold pieces
 16610 | Orc:2    | Bought a potion of curing for 42 gold pieces
 16610 | Orc:2    | Bought 2 potions of curing for 84 gold pieces
 16610 | Orc:2    | Bought a potion of curing for 42 gold pieces
 16748 | Lair:1   | Entered Level 1 of the Lair of Beasts
 16772 | Lair:1   | Found a frozen archway.
 16787 | Lair:1   | Reached skill level 10 in Armour
 16801 | IceCv    | Entered an ice cave
 17057 | IceCv    | Reached XP level 13. HP: 96/116 MP: 11/13
 17312 | IceCv    | Found an ancient bone altar of Kikubaaqudgha.
 17647 | IceCv    | Reached ****** piety under Trog
 18002 | IceCv    | Received a gift from Trog
 18743 | Lair:1   | Reached skill level 10 in Shields
 20886 | Lair:2   | Found a staircase to the Swamp.
 21026 | Lair:2   | Received a gift from Trog
 21221 | Lair:2   | Identified the +0 plate armour "Gybuwn" {Harm ^Drain rF+++
                  | Will-}
 21916 | Lair:3   | Found a staircase to the Snake Pit.
 21934 | Lair:3   | Reached XP level 14. HP: 109/130 MP: 10/14
 23409 | Lair:4   | Reached skill level 15 in Fighting
 24455 | Lair:4   | HP: 2/135 [17-headed hydra (9)]
 24457 | Lair:4   | Slain by an 18-headed hydra

Illustrated notes

Levels and vault maps discovered:
D:1:      dpeg_arrival_boxorama, layout_loops_corners, minmay_tromino_v2
D:2:      minmay_evil_eye, layout_loops_ring, kennysheep_cluttered_room,
          minmay_puff, uniq_natasha
D:3:      layout_basic, general_overflow_altar, mainiacjoe_overflow_alcove_1,
          uniq_sigmund
D:4:      layout_basic, kennysheep_mini_moat, minmay_temple_entry_butterflies,
          serial_shops, nicolae_shop_bloodbath_and_beyond,
          nicolae_shop_distant_corner_stores, nicolae_goblin_pals, uniq_duvessa,
          uniq_pikel, uniq_blork_the_orc
D:5:      layout_basic, mainiacjoe_overflow_alcove_4,
          nicolae_overflow_hidden_temple, okawaru_gym_becter,
          nicolae_hepliaklqana_monster_ancestors, uniq_eustachio, uniq_grinder
D:6:      layout_basic
D:7:      layout_rooms, grunt_temple_overflow_growth_and_decay,
          mainiacjoe_overflow_concentric_impassable, enter_bailey_4,
          uniq_menkaure
D:8:      layout_basic, mainiacjoe_overflow_paths, minmay_lair_entry_grove,
          wad_floor_pattern_untrapped
D:9:      layout_grid_maze, nicolae_uskayaw_suspiria, old_standard_altar,
          nicolae_fountain_basement, uniq_psyche
D:10:     minmay_skewed_foursquare, layout_rooms, trog_three_pillars_becter,
          lemuel_round_altar, minmay_orc_entry_temple_small
D:11:     layout_cross, serial_shops, nicolae_shop_peninsula, uniq_grum,
          uniq_amaemon, uniq_maurice
Lair:1:   layout_small_grid, portal_ice_cave_rime, st_stairs_5
Lair:2:   layout_gridlike, mainiacjoe_swamp_entry_angry_trees, st_stairs_10,
          lemuel_fruit_tree
Lair:3:   layout_cave_pods, minmay_snake_entry_six_corridors,
          grunt_forest_small_clearing_treed
Lair:4:   nzn_winding_woodlands_three_and_one
          [nzn_winding_woodlands_5x15_default,
          nzn_winding_woodlands_5x15_sidewinder,
          nzn_winding_woodlands_5x15_concentric,
          nzn_winding_woodlands_center_pierced_h], layout_big_grid,
          beast_lair_carwin_4
Orc:1:    layout_caves, serial_shops, nicolae_shop_pleasant_corner_grove, shop
Orc:2:    st_orc_elflike, layout_diamond_mine, roderic_batcave

Skill      XL: |  1  2  3  4  5  6  7  8  9 10 11 12 13 14 |
---------------+-------------------------------------------+-----
Axes           | 4 5 6 8 10 11 12 14 15 18 | 18.0
Armour         | 3 5 6 7 10 12 | 12.0
Fighting       | 5 7 9 11 13 15 | 15.0
Shields        | 4 5 8 11 12 | 12.3
Evocations     | 5 |  5.0
Dodging        | |  1.3

Action                     |  1- 3 |  4- 6 |  7- 9 | 10-12 | 13-15 || total
---------------------------+-------+-------+-------+-------+-------++-------
  Melee: Hand axe          |   101 |    52 |       |       |    20 ||   173
         War axe           |       |    27 |   262 |   213 |       ||   502
         Battleaxe         |       |       |    10 |    14 |       ||    24
         Broad axe         |       |       |       |   692 |   855 ||  1547
         Morningstar       |       |       |       |       |     9 ||     9
  Throw: Stone             |       |       |     6 |       |       ||     6
         Dart              |       |       |       |    13 |       ||    13
         Throwing net      |       |       |       |     1 |       ||     1
         Boomerang         |       |       |       |     5 |     1 ||     6
 Invoke: Berserk           |     2 |     3 |     4 |     8 |       ||    17
         Trog's Hand       |       |     1 |     4 |     8 |     5 ||    18
         Brothers in Arms  |       |       |       |     1 |     1 ||     2
  Evoke: Wand              |       |       |    14 |     8 |       ||    22
    Use: Scroll            |     5 |     4 |     5 |    10 |     6 ||    30
         Potion            |       |       |       |     2 |       ||     2
   Stab: Paralysed         |       |       |     9 |     8 |       ||    17
 Armour: Animal skin       |    40 |       |       |       |       ||    40
         Chain mail        |    35 |    44 |   162 |       |       ||   241
         Plate armour      |       |       |    47 |   663 |   612 ||  1322
  Dodge: Dodged            |    54 |    22 |    97 |   153 |   187 ||   513
  Block: Kite shield       |       |       |       |   464 |   473 ||   937

Table legend: (Time is in decaauts)
 A = Elapsed time spent in this place.
 B = Non-inter-level travel time spent in this place.
 C = Inter-level travel time spent in this place.
 D = Time resting spent in this place.
 E = Time spent auto-exploring this place.
 F = Levels seen in this place.
 G = Mean time per level.
                   A        B        C        D        E       F      G
               +--------+--------+--------+--------+--------+-----+--------+
         Total |  24240 |  22648 |   1592 |   7468 |   6438 |  19 | 1275.8 |
       Dungeon |  11957 |  10606 |   1351 |   2486 |   2980 |  11 | 1087.0 |
          Lair |   5960 |   5779 |    181 |   1658 |   2226 |   4 | 1490.0 |
  Orcish Mines |   2711 |   2651 |     60 |   1261 |    715 |   2 | 1355.5 |
        Bailey |   2102 |   2102 |      0 |   1436 |     54 |   1 | 2102.0 |
      Ice Cave |   1508 |   1508 |      0 |    625 |    463 |   1 | 1508.0 |
               +--------+--------+--------+--------+--------+-----+--------+

Top non-repeatable levels by time:
  Bailey: 2102 daAuts
  Lair:3: 1746 daAuts
     D:9: 1738 daAuts
  Lair:1: 1658 daAuts
   Orc:2: 1649 daAuts
  Lair:2: 1648 daAuts
   IceCv: 1508 daAuts
     D:4: 1400 daAuts
     D:8: 1380 daAuts
     D:2: 1278 daAuts
    D:10: 1272 daAuts
     D:1: 1183 daAuts
   Orc:1: 1061 daAuts
     D:3: 997 daAuts
     D:6: 994 daAuts
